 Dungeon Crawl Stone Soup version 0.26-b1-45-g23770d1d51 (webtiles) character file.

Game seed: 8747090796795012954

3849 pokeman the Thaumaturge (level 9, -3/52 HPs)
             Began as a Deep Elf Hedge Wizard on Jan 6, 2021.
             Was a Priest of Vehumet.
             Slain by an orc warlord
             ... wielding a +2 vorpal battleaxe
              (22 damage)
             ... in a bailey.
             The game lasted 00:36:05 (10435 turns).

pokeman the Thaumaturge (Deep Elf Hedge Wizard)    Turns: 10435, Time: 00:36:05

Health: -3/52      AC: 10    Str:  7    XL:     9   Next: 98%
Magic:  15/27      EV: 13    Int: 23    God:    Vehumet [***...]
Gold:   360        SH:  5    Dex: 18    Spells: 19/32 levels left

rFire    . . .     SeeInvis .   y - +10 mace of Grim Responsibility {drain, rC+ Dex+4 Stlth-}
rCold    + + .     Faith    .   (no shield)
rNeg     . . .     Spirit   .   G - +3 leather armour of Freedom {Regen+ Stlth+}
rPois    .         Reflect  +   r - +0 helmet
rElec    .         Harm     .   A - +0 cloak
rCorr    .         Rampage  .   i - +0 pair of gloves
Will     .....                  o - +0 pair of boots
Stlth    ++........             v - amulet of reflection
HPRegen  0.57/turn              E - ring of protection from cold
MPRegen  0.20/turn              (no ring)

@: no status effects
A: no striking features
a: Renounce Religion


You were in a bailey.
You worshipped Vehumet.
Vehumet was most pleased with you.
You visited 2 branches of the dungeon, and saw 8 of its levels.
You also visited: Sewer and Bailey.

You collected 360 gold pieces.

Inventory:

Hand Weapons
 b - a +0 dagger of electrocution
 c - a +3 hand crossbow of flaming
 x - a +0 shortbow
 y - the +10 mace of Grim Responsibility (weapon) {drain, rC+ Dex+4 Stlth-}
   (You found it on level 5 of the Dungeon)

   A truly terrible weapon, it drains the life of those it strikes.
   It affects your dexterity (+4).
   It protects you from cold.
   It makes you less stealthy.
 z - the +0 mace of Fimbulwinter {vorpal, *Drain Will+ Dex+2}
   (You found it on level 5 of the Dungeon)

   It inflicts extra damage upon your enemies.
   It affects your dexterity (+2).
   It affects your willpower, your defense against some magical effects.
   It causes draining when unequipped.
Missiles
 m - 138 arrows
 s - 59 bolts
Armour
 a - a +0 leather armour
 i - a +0 pair of gloves (worn)
 o - a +0 pair of boots (worn)
 r - a +0 helmet (worn)
 A - a +0 cloak (worn)
 G - the +3 leather armour of Freedom (worn) {Regen+ Stlth+}
   (You took it off an orc warrior in a bailey)

   It increases your rate of regeneration.
   It makes you more stealthy.
Jewellery
 v - an amulet of reflection (around neck)
 B - an uncursed amulet of the acrobat
 E - a ring of protection from cold (left hand)
Wands
 D - a wand of enslavement (8)
 F - a wand of paralysis (7)
Scrolls
 d - 4 scrolls of enchant weapon
 e - 6 scrolls of identify
 f - 3 scrolls of random uselessness {unknown}
 j - 4 scrolls of remove curse
 l - 3 scrolls of fog {unknown}
 p - 3 scrolls of teleportation {unknown}
 q - a scroll of immolation {unknown}
 w - 3 scrolls of enchant armour {unknown}
 C - a scroll of magic mapping {unknown}
 H - 2 scrolls of blinking {unknown}
Potions
 g - 2 potions of flight
 h - 2 potions of curing
 k - 4 potions of heal wounds
 n - 2 potions of resistance {unknown}
 t - 4 potions of attraction {unknown}
 u - 2 potions of haste {unknown}


   Skills:
 + Level 3.7 Fighting
 - Level 3.0 Armour
 - Level 3.2 Dodging
 - Level 3.1 Stealth
 * Level 12.2 Spellcasting
 + Level 6.9 Conjurations
 - Level 1.1 Summonings
 - Level 1.1 Translocations
 + Level 6.3 Fire Magic
 - Level 1.0 Air Magic
 - Level 1.3 Poison Magic
 - Level 1.0 Evocations


You had 19 spell levels left.
You knew the following spells:

 Your Spells              Type           Power        Failure   Level
a - Magic Dart            Conj           100%         1%          1
b - Mephitic Cloud        Conj/Pois/Air  28%          1%          3
c - Call Imp              Summ           19%          6%          2
d - Blink                 Tloc           N/A          6%          2
e - Conjure Flame         Conj/Fire      44%          1%          3
f - Foxfire               Conj/Fire      100%         1%          1
g - Apportation           Tloc           38%          4%          1

Your spell library contained the following spells:

 Spells                   Type           Power        Failure   Level
 Ignite Poison            Fire/Tmut/Pois 25%          1%          3
 Dazzling Flash           Conj/Hex       60%          1%          3
 Summon Small Mammal      Summ           76%          4%          1
 Animate Skeleton         Necr           28%          7%          1
 Corona                   Hex            15%          7%          1
 Ensorcelled Hibernation  Hex/Ice        28%          10%         2
 Slow                     Hex            14%          10%         2
 Call Canine Familiar     Summ           19%          12%         3
 Summon Guardian Golem    Hex/Summ       16%          16%         3
 Confusing Touch          Hex            14%          21%         3
 Tukima's Dance           Hex            14%          21%         3
 Summon Lightning Spire   Summ/Air       18%          38%         4
 Summon Ice Beast         Ice/Summ       16%          45%         4


Dungeon Overview and Level Annotations

Branches:
Dungeon (7/15)             Temple (1/1) D:5           Sewer (visited)
 Bailey (1/1)

Altars:
Ashenzari
Dithmenos
Elyvilon
Hepliaklqana
Kikubaaqudgha
Makhleb
Ru
Trog
Vehumet
Wu Jian
Xom
Yredelemnul
Zin
The Shining One

Shops:
D:6 [[(*[

Annotations:
D:7 Joseph, Pikel


Message History

Aiming: Mephitic Cloud (safe; 1% risk of failure)
Press: ? - help, Shift-Dir - straight line, f/p - orc warlord
Aim: an orc warlord, wielding a +2 vorpal battleaxe and wearing a +0 plate armour (heavily wounded, lightly drained)
The ball explodes into a vile cloud!
The stinking cloud engulfs the orc warlord but does no damage.
The orc warlord is heavily wounded.
The orc warlord is engulfed in noxious fumes.
Unknown command.
Unknown command.
You hit the orc warlord but do no damage.
The orc warlord is heavily wounded.
The orc warlord is engulfed in noxious fumes.
The orc warlord hits you with a +2 vorpal battleaxe!
Unknown command.
Unknown command.
You hit the orc warlord. You drain the orc warlord.
The orc warlord is heavily wounded.
The orc warlord is engulfed in noxious fumes.
The orc warlord hits you with a +2 vorpal battleaxe!!
You die...

### ## ###.### ###.###
###.....### ###.....###
##.........###.........##
#........☼○.#...........#
#.......@o○§°°..........#
#.....⌠...°°#.....⌠.....#
#.).........#...........#
#..)........#...........#
###)).......###.........##
♣ ###.#'#.....###
###.....#'#.
♣♣♣###...[)###.###
.###.###...
..##....)....###
...###..o..
..#...........#
...##8.....


You could see an orc warlord (drained).

Vanquished Creatures
  2 orc knights (Bailey)
  2 ice beasts (D:6)
  8 orc warriors (Bailey)
  A phantom (D:4)
  3 ogres (D:4)
  A necrophage (D:6)
  2 centaurs (D:5)
  A big kobold (Sewer)
  2 lemures (D:6)
  3 bullfrogs (D:6)
  A scorpion (D:7)
  5 wights
  A crimson imp (D:6)
  A bullfrog zombie (D:5)
  2 orc priests
  A hound (D:4)
  A jelly (D:6)
  Crazy Yiuf (D:5)
  2 orc wizards
  A bullfrog skeleton (D:4)
  2 centaur skeletons (D:6)
  7 worker ants
  A hound skeleton (D:6)
  6 adders
  11 gnolls
  3 river rats (Sewer)
  A white imp (D:5)
  An ooze (D:5)
  3 worms
  3 dart slugs
  3 leopard geckos
  32 orcs
  5 giant cockroaches
  27 goblins
  23 hobgoblins
  11 jackals
  3 quokkas
  A ball python (D:2)
  7 bats
  2 frilled lizards
  12 kobolds
  4 rats
209 creatures vanquished.

Vanquished Creatures (others)
  256 foxfires
  A withered plant (D:7)
257 creatures vanquished.

Grand Total: 466 creatures vanquished

Notes
Turn   | Place    | Note
-------+----------+-------------------------------------------
     0 | D:1      | pokeman the Deep Elf Hedge Wizard began the quest for the
                  | Orb.
     0 | D:1      | Reached XP level 1. HP: 10/10 MP: 7/7
   140 | D:1      | Reached XP level 2. HP: 16/16 MP: 0/9
   748 | D:1      | Reached skill level 5 in Spellcasting
   893 | D:1      | Reached XP level 3. HP: 18/20 MP: 1/11
   905 | D:1      | Learned a level 3 spell: Mephitic Cloud
   908 | D:1      | Learned a level 2 spell: Call Imp
   911 | D:1      | Learned a level 2 spell: Blink
   922 | D:1      | Learned a level 3 spell: Conjure Flame
  1671 | D:2      | Reached skill level 1 in Fighting
  1671 | D:2      | Reached skill level 1 in Armour
  1724 | D:2      | You fall into a shaft and drop 1 floor!
  1918 | D:3      | Reached XP level 4. HP: 25/25 MP: 11/13
  2068 | D:3      | Found a glowing drain.
  2077 | Sewer    | Entered a sewer
  2097 | Sewer    | Reached skill level 1 in Fire Magic
  2203 | Sewer    | Noticed a big kobold
  2212 | Sewer    | Killed a big kobold
  2213 | Sewer    | Reached skill level 6 in Spellcasting
  2213 | Sewer    | Reached skill level 1 in Air Magic
  2213 | Sewer    | Reached XP level 5. HP: 14/29 MP: 5/15
  2393 | Sewer    | Found a glowing silver altar of Zin.
  2857 | D:3      | Found a glowing silver altar of Zin.
  3303 | D:4      | Found an ornate altar of the Wu Jian Council.
  3529 | D:4      | Noticed an ogre
  3869 | D:4      | Killed an ogre
  3870 | D:4      | Reached skill level 1 in Poison Magic
  3870 | D:4      | Reached XP level 6. HP: 15/34 MP: 8/17
  4297 | D:4      | Reached skill level 7 in Spellcasting
  4621 | D:4      | Found a hazy altar of Hepliaklqana.
  4777 | D:4      | Reached XP level 7. HP: 38/38 MP: 0/20
  5137 | D:4      | Reached skill level 8 in Spellcasting
  5689 | D:5      | Entered Level 5 of the Dungeon
  5943 | D:5      | Found a sacrificial altar of Ru.
  6234 | D:5      | Reached XP level 8. HP: 43/44 MP: 4/22
  6489 | D:5      | Found a staircase to the Ecumenical Temple.
  6499 | Temple   | Entered the Ecumenical Temple
  6620 | Temple   | Became a worshipper of Vehumet
  6673 | D:5      | Reached skill level 9 in Spellcasting
  6679 | D:5      | Got a brightly glowing mace
  6681 | D:5      | Got a shimmering mace
  6684 | D:5      | Found a runed translucent door.
  6685 | D:5      | Noticed Crazy Yiuf
  6693 | D:5      | Killed Crazy Yiuf
  6701 | D:5      | Identified the +10 mace of Grim Responsibility {drain, rC+
                  | Dex+4 Stlth-} (You found it on level 5 of the Dungeon)
  6702 | D:5      | Identified the cursed +0 mace of Fimbulwinter {vorpal,
                  | *Drain Will+ Dex+2} (You found it on level 5 of the
                  | Dungeon)
  6998 | D:6      | Found Qehur's Antique Armour Shop.
  7326 | D:6      | Learned a level 1 spell: Apportation
  7329 | D:6      | Found Motrul's General Store.
  7356 | D:6      | Reached skill level 5 in Conjurations
  7499 | D:6      | Found Sosk's Antique Armour Shoppe.
  7664 | D:6      | Reached * piety under Vehumet
  7664 | D:6      | Offered knowledge of Foxfire by Vehumet.
  7665 | D:6      | Reached skill level 10 in Spellcasting
  7667 | D:6      | Learned a level 1 spell: Foxfire
  7702 | D:6      | Found Wiedej's Antique Armour Boutique.
  7784 | D:6      | Found a burning altar of Makhleb.
  8019 | D:6      | Found Ycwuteha's Weapon Shoppe.
  8794 | D:7      | Noticed Pikel
  8796 | D:7      | Reached skill level 1 in Evocations
  8796 | D:7      | Reached XP level 9. HP: 33/48 MP: 20/25
  8829 | D:7      | Found an ancient bone altar of Kikubaaqudgha.
  8839 | D:7      | Noticed Joseph
  9208 | D:7      | Found a flagged portal.
  9218 | Bailey   | Entered a bailey
  9347 | Bailey   | Offered knowledge of Sandblast by Vehumet.
  9403 | Bailey   | Reached ** piety under Vehumet
  9404 | Bailey   | Reached skill level 5 in Fire Magic
  9556 | Bailey   | Reached skill level 11 in Spellcasting
  9882 | Bailey   | Offered knowledge of Ignite Poison by Vehumet.
  9898 | Bailey   | Reached *** piety under Vehumet
  9927 | Bailey   | Identified the +3 leather armour of Freedom {Regen+ Stlth+}
  9993 | Bailey   | Noticed an orc knight
 10011 | Bailey   | Killed an orc knight
 10128 | Bailey   | Noticed an orc warlord
 10133 | Bailey   | Noticed an orc knight
 10151 | Bailey   | Killed an orc knight
 10152 | Bailey   | Reached skill level 12 in Spellcasting
 10435 | Bailey   | Slain by an orc warlord

Illustrated notes

Levels and vault maps discovered:
D:1:      minmay_arrival_split_and_join, layout_loops_ring
D:2:      layout_rooms, okawaru_altar_gauntlet_db
D:3:      layout_basic, zin_academy, cheibrodos_sewer_entry_drain
D:4:      layout_loops_corners, kennysheep_little_box, kennysheep_mini
D:5:      mumra_celtic_spiral_tile, layout_loops_cross,
          minmay_temple_entry_statues_fountains,
          nicolae_ru_sacrificial_ziggurat, uniq_crazy_yiuf_cottage
D:6:      layout_rooms, makhleb_grotto_becter, serial_shops, shop_statue, shop,
          shop, nicolae_shop_statue_plus, nicolae_shop_waterfront
D:7:      layout_cave_pools, kiku_gazebo_pond_becter, serial_undead,
          serial_undead_f, serial_undead_b, serial_undead_d, serial_undead_b,
          enter_bailey_2, ebering_ghost_rock_garden, uniq_joseph, uniq_pikel,
          uniq_menkaure, uniq_harold
Temple:   regret_index_temple_generic_petals
Bailey:   bailey_axe_minmay_hex_keep, bailey

Skill      XL: |  1  2  3  4  5  6  7  8  9 |
---------------+----------------------------+-----
Spellcasting   | 5 6 7 8 10 12 | 12.2
Fighting       | 1 2 3 |  3.7
Armour         | 1 3 |  3.0
Conjurations   | 2 3 4 5 6 |  6.9
Fire Magic     | 1 2 3 4 6 |  6.3
Dodging        | 3 |  3.2
Air Magic      | 1 |  1.0
Stealth        | 3 |  3.1
Poison Magic   | 1 |  1.3
Evocations     | 1 |  1.0
Summonings     | |  1.1
Translocations | |  1.1

Action                   |  1- 3 |  4- 6 |  7- 9 || total
-------------------------+-------+-------+-------++-------
Melee: Dagger            |    30 |    30 |     6 ||    66
       Mace              |       |       |    74 ||    74
 Fire: Hand crossbow     |       |       |     6 ||     6
 Cast: Magic Dart        |   107 |   148 |   170 ||   425
       Mephitic Cloud    |       |     7 |    29 ||    36
       Conjure Flame     |       |     8 |    18 ||    26
       Call Imp          |       |     3 |     3 ||     6
       Blink             |       |     1 |     7 ||     8
       Foxfire           |       |       |   140 ||   140
  Use: Potion            |       |     2 |       ||     2
       Scroll            |       |       |     3 ||     3
 Stab: Sleeping          |     1 |     2 |       ||     3
       Confused          |       |     4 |    14 ||    18
Armor: Robe              |    16 |    10 |       ||    26
       Leather armour    |       |       |    26 ||    26
Dodge: Dodged            |    43 |    38 |    89 ||   170
Block: Other             |       |       |    21 ||    21
       Reflection        |       |       |     1 ||     1
